 Dungeon Crawl Stone Soup version 0.18.1-48-g4cf74bf (webtiles) character file.

175 Slippy the Sneak (level 5, -5/24 HPs)
             Began as a Spriggan Enchanter on July 21, 2016.
             Slain by a mummy (12 damage)
             ... in an ossuary.
             The game lasted 00:10:59 (3244 turns).

Slippy the Sneak (Spriggan Enchanter)               Turns: 3244, Time: 00:11:00

Health: -5/24      AC:  5    Str:  4    XL:     5   Next: 29%
Magic:  22/22      EV: 18    Int: 17    God:
Gold:   142        SH:  0    Dex: 19    Spells: 2 memorised, 8 levels left

rFire  . . .     SeeInvis +     a - +2 dagger
rCold  . . .     Gourm    .     b - +1 robe
rNeg   + . .     Faith    .     (shield restricted)
rPois  .         Spirit   .     (helmet restricted)
rElec  .         Dismiss  .     k - +1 cloak
rCorr  .         Reflect  .     (gloves unavailable)
SustAt .         Harm     .     (boots unavailable)
MR     .....                    (no amulet)
Stlth  ++++......               m - ring of magical power
                                e - ring of positive energy

@: very quick, not resistant to hostile enchantments, stealthy
A: unfitting armour, horns 1, see invisible, agile 1, herbivore 3, speed 3, slow
metabolism 2, MP-powered wands
a: no special abilities


You were in an ossuary.
You were not hungry.

You visited 1 branch of the dungeon, and saw 4 of its levels.
You also visited: Ossuary.

You collected 142 gold pieces.

Inventory:

Hand Weapons
 a - a +2 dagger (weapon)
 j - a +2 quarterstaff of chaos
Missiles
 l - 28 poisoned needles
Armour
 b - a +1 robe (worn)
 k - a +1 cloak (worn)
Jewellery
 e - a ring of positive energy (left hand)
 m - a ring of magical power (right hand)
Wands
 n - a wand of confusion (30/48)
Scrolls
 f - 5 scrolls of identify
 i - 3 scrolls of teleportation
Potions
 h - a potion of flight
Books
 c - a book of Maledictions

   Spells                             Type                      Level
   a - Corona                         Hexes                        1
   b - Ensorcelled Hibernation        Hexes/Ice                    2
   c - Confuse                        Hexes                        3
   d - Tukima's Dance                 Hexes                        3
   e - Dazzling Spray                 Conjuration/Hexes            3
Comestibles
 d - 3 bread rations


   Skills:
 - Level 1.1 Short Blades
 - Level 3.0 Dodging
 + Level 5.4 Stealth
 * Level 4.9 Spellcasting
 * Level 5.4 Hexes


You had 8 spell levels left.
You knew the following spells:

 Your Spells              Type           Power        Failure   Level  Hunger
a - Confuse               Hex            ###.....     6%          3    ###....
b - Ensorcelled Hibernat  Hex/Ice        ##....       10%         2    #......


Dungeon Overview and Level Annotations

Branches:
Dungeon (4/15)
 Temple: D:4-7

Altars:
Ru
Yredelemnul


Innate Abilities, Weirdness & Mutations

You are tiny and cannot use many weapons and most armour.
You have supernaturally acute eyesight.
You are a herbivore.
You cover ground extremely quickly.
You need consume almost no food.
You have a pair of small horns on your head.
You are agile. (Dex +2)
You expend magic power (3 MP) to strengthen your wands.


Message History

You start resting.
HP restored.
Found a gate leading back out of this place.
A mummy comes into view.
Casting: Ensorcelled Hibernation
Confirm with . or Enter, or press ? or * to list all spells.
You don't know that spell.
You barely miss the mummy. You hit the mummy. Your headbutt misses the mummy.
The mummy is lightly damaged.
The mummy hits you!
Ouch! That really hurt!
* * * LOW HITPOINT WARNING * * *
You hit the mummy. You headbutt the mummy.
The mummy is lightly damaged.
You hit the mummy.
The mummy is moderately damaged.
The mummy hits you!
Ouch! That really hurt!
You die...

#..#
#..#
#..#
#..+
#..#
#..#
#.M#
#.@+
#..#
#..#
#..#
#..+
#..#
#..#
#..#
#..+


You could see a mummy.

Vanquished Creatures
  Crazy Yiuf (D:3)
  An orc wizard (D:3)
  A mummy (Ossuary)
  4 adders
  An ooze (D:1)
  4 worms
  A dart slug (D:2)
  A giant gecko (D:3)
  2 orcs (D:3)
  4 giant cockroaches
  6 goblins
  7 hobgoblins
  3 kobolds (D:1)
  A quokka (D:3)
  2 ball pythons
  5 bats
  6 giant newts
  5 rats
55 creatures vanquished.

Notes
Turn   | Place    | Note
--------------------------------------------------------------
     0 | D:1      | Slippy the Spriggan Enchanter began the quest for the Orb.
     0 | D:1      | Reached XP level 1. HP: 9/9 MP: 5/5
   176 | D:1      | Reached XP level 2. HP: 3/13 MP: 7/7
   849 | D:1      | Learned a level 2 spell: Ensorcelled Hibernation
  1484 | D:2      | Reached XP level 3. HP: 16/16 MP: 5/9
  1599 | D:2      | Found a basalt altar of Yredelemnul.
  1728 | D:2      | Reached skill level 5 in Stealth
  2054 | D:3      | Reached XP level 4. HP: 21/21 MP: 11/11
  2145 | D:3      | Found a sacrificial altar of Ru.
  2156 | D:3      | Reached skill level 5 in Hexes
  2523 | D:3      | Noticed Crazy Yiuf
  2535 | D:3      | Gained mutation: You have a pair of small horns on your head. [potion of mutation]
  2535 | D:3      | Gained mutation: You are agile. (Dex +2) [potion of mutation]
  2535 | D:3      | Gained mutation: You expend magic power (3 MP) to strengthen your wands. [potion of mutation]
  2546 | D:3      | HP: 1/21 [poisoned by Crazy Yiuf]
  2650 | D:3      | Killed Crazy Yiuf
  2650 | D:3      | Reached XP level 5. HP: 8/24 MP: 13/13
  3004 | D:4      | Found a sand-covered staircase.
  3019 | Ossuary  | Entered an ossuary
  3029 | Ossuary  | Learned a level 3 spell: Confuse
  3244 | Ossuary  | Slain by a mummy

Skill      XL: |  1  2  3  4 |
---------------+-------------+-----
Spellcasting   | 3 4 |  4.9
Hexes          | 4 5 |  5.4
Stealth        | 5 |  5.4
Short Blades   | |  1.1
Dodging        | |  3.0

Action                   |  1- 3 |  4- 6 || total
-------------------------+-------+-------++-------
Melee: Dagger            |   100 |    58 ||   158
       Headbutt          |       |     5 ||     5
 Cast: Ensorcelled Hiber |    18 |    29 ||    47
  Use: Potion            |       |     7 ||     7
       Scroll            |       |     5 ||     5
 Stab: Sleeping          |    16 |    22 ||    38
       Distracted        |     2 |       ||     2
       Invisible         |       |     1 ||     1
  Eat: Bread ration      |       |     1 ||     1
Armor: Robe              |    13 |     6 ||    19
Dodge: Dodged            |    77 |    32 ||   109
